 Dungeon Crawl Stone Soup version 0.19-a0-1051-gdb7e7f8 (webtiles) character file.

51 Rome the Chiller (level 3, -4/22 HPs)
             Began as a High Elf Ice Elementalist on Aug 2, 2016.
             Was an Initiate of Hepliaklqana.
             Slain by Menkaure (9 damage)
             ... on level 4 of the Dungeon.
             The game lasted 00:11:02 (1721 turns).

Rome the Chiller (High Elf Ice Elementalist)        Turns: 1721, Time: 00:11:03

Health: -4/22      AC:  2    Str:  7    XL:     3   Next: 58%
Magic:  0/7        EV: 13    Int: 20    God:    Hepliaklqana [......]
Gold:   89         SH:  0    Dex: 15    Spells: 2 memorised, 4 levels left

rFire  . . .     SeeInvis .     d - +0 spear
rCold  . . .     Gourm    .     a - +0 robe
rNeg   . . .     Faith    .     (no shield)
rPois  +         Spirit   .     (no helmet)
rElec  .         Dismiss  .     (no cloak)
rCorr  .         Reflect  .     (no gloves)
SustAt .         Harm     .     (no boots)
MR     .....                    (no amulet)
Stlth  ++........               (no ring)
                                e - ring of poison resistance

@: not resistant to hostile enchantments, unstealthy
A: no striking features
a: Recall Ancestor, Ancestor Identity, Renounce Religion


You were on level 4 of the Dungeon.
You worshipped Hepliaklqana.
Hepliaklqana was noncommittal.
You were not hungry.

You visited 1 branch of the dungeon, and saw 3 of its levels.

You collected 89 gold pieces.

Inventory:

Hand Weapons
 d - a +0 spear (weapon)
Armour
 a - a +0 robe (worn)
Jewellery
 e - a ring of poison resistance (left hand)
Books
 b - a book of Frost

   Spells                             Type                      Level
   a - Freeze                         Ice                          1
   b - Throw Frost                    Conjuration/Ice              2
   c - Ozocubu's Armour               Charms/Ice                   3
   d - Throw Icicle                   Conjuration/Ice              4
   e - Summon Ice Beast               Ice/Summoning                4
Comestibles
 c - 2 bread rations
 f - a meat ration


   Skills:
 + Level 0.6 Fighting
 + Level 0.8 Polearms
 * Level 3.1 Dodging
 + Level 2.3 Stealth
 * Level 2.5 Spellcasting
 + Level 1.2 Conjurations
 + Level 3.4 Ice Magic


You had 4 spell levels left.
You knew the following spells:

 Your Spells              Type           Power        Failure   Level  Hunger
a - Freeze                Ice            ###.         3%          1    None
b - Throw Frost           Conj/Ice       ##....       12%         2    ##.....


Dungeon Overview and Level Annotations

Branches:
Dungeon (2/15)

Altars:
Hepliaklqana
Xom

Annotations:
D:4 Menkaure


Message History

Ouch! That really hurt!
The ball python bites you.
* * * LOW HITPOINT WARNING * * *
The ball python closely misses you.
Cyneburga hits Menkaure.
The ball python bites you but does no damage.
The ball python closely misses you. The ball python barely misses you.
The ball python grabs you.
* * * LOW HITPOINT WARNING * * *
The ball python constricts you. Menkaure barely misses you.
You escape the ball python's grasp.
Cyneburga hits Menkaure.
Found a stone staircase leading up.
Casting: Freeze
Confirm with . or Enter, or press ? or * to list all spells.
Aiming: Freeze
Press: ? - help, Shift-Dir - straight line, f/p - Menkaure
Aim: Menkaure (severely damaged, fast)
You freeze Menkaure.
Menkaure resists.
Menkaure is severely damaged.
Menkaure misses you. Menkaure hits you!
You die...

..# #.. ## ..> #
#.. ..#. ##.##...
.. #####.....# ...
.........# #..#
.###.....####....#
.........##@..##.#
.......S.#M........
.......RR.S........
..........#......<.
..?................
.[...........######
.#........##..(
###..##### ##..
.... #.


You could see the friendly Cyneburga the ancestor, Menkaure and a ball python.

Vanquished Creatures
  An adder (D:1)
  2 dart slugs (D:1)
  A giant gecko (D:1)
  A giant cockroach (D:1)
  3 goblins (D:1)
  3 hobgoblins
  3 kobolds (D:1)
  A quokka (D:2)
  12 bats
  9 rats
36 creatures vanquished.

Vanquished Creatures (collateral kills)
  A ball python (D:2)
1 creature vanquished.

Grand Total: 37 creatures vanquished

Notes
Turn   | Place    | Note
-------+----------+-------------------------------------------
     0 | D:1      | Rome the High Elf Ice Elementalist began the quest for the Orb.
     0 | D:1      | Reached XP level 1. HP: 11/11 MP: 4/4
   286 | D:1      | Reached XP level 2. HP: 13/18 MP: 6/6
   635 | D:1      | Learned a level 2 spell: Throw Frost
  1108 | D:1      | Reached XP level 3. HP: 5/22 MP: 3/7
  1601 | D:2      | Found a hazy altar of Hepliaklqana.
  1628 | D:2      | Became a worshipper of Hepliaklqana
  1637 | D:2      | Found a shimmering altar of Xom.
  1708 | D:2      | You fall through a shaft for 2 floors!
  1708 | D:4      | Noticed Menkaure
  1721 | D:4      | Slain by Menkaure

Vault maps used:
D:1:      ncdulo_lavacross
D:2:      overflow_temple_1_default, lemuel_doored_altar, first_bread,
          led_sif_pool
D:4:      uniq_eustachio, uniq_menkaure

Skill      XL: |  1  2  3 |
---------------+----------+-----
Dodging        | 3 |  3.1
Fighting       | |  0.6
Polearms       | |  0.8
Stealth        | |  2.3
Spellcasting   | |  2.5
Conjurations   | |  1.2
Ice Magic      | |  3.4

Action                   || total
-------------------------++-------
Melee: Spear             ||    96
 Cast: Freeze            ||     9
       Throw Frost       ||     5
Invok: Recall Ancestor   ||     1
  Use: Scroll            ||     3
       Potion            ||     1
 Stab: Sleeping          ||     4
  Eat: Meat ration       ||     1
Armor: Robe              ||    39
Dodge: Dodged            ||   120
